 Dungeon Crawl Stone Soup version 0.23-a0-396-g5214e5f (webtiles) character file.

67 galech the Skirmisher (level 4, 0/35 HPs)
             Began as a Demonspawn Fighter on Nov 2, 2018.
             Slain by a gnoll
             ... wielding a +0 spear
              (1 damage)
             ... on level 2 of the Dungeon.
             The game lasted 00:01:15 (891 turns).

galech the Skirmisher (Demonspawn Fighter)           Turns: 891, Time: 00:01:17

Health: 0/35       AC:  8    Str: 16    XL:     4   Next: 0%
Magic:  4/4        EV:  7    Int:  9    God:
Gold:   85         SH:  9    Dex: 14    Spells: 3/3 levels left

rFire    . . .     SeeInvis .   a - +0 war axe
rCold    . . .     Gourm    .   c - +0 shield
rNeg     . . .     Faith    .   b - +0 scale mail
rPois    .         Spirit   .   (no helmet)
rElec    .         Reflect  .   (no cloak)
rCorr    .         Harm     .   j - +0 pair of gloves
MR       .....                  (no boots)
Stlth    ..........             (no amulet)
HPRegen  0.11/turn              (no ring)
MPRegen  0.09/turn              (no ring)

@: no status effects
A: talons 2, sturdy frame 1
a: no special abilities


You were on level 2 of the Dungeon.
You were not hungry.

You visited 1 branch of the dungeon, and saw 2 of its levels.

You collected 85 gold pieces.

Inventory:

Hand Weapons
 a - a +0 war axe (weapon)
Armour
 b - a +0 scale mail (worn)
 c - a +0 shield (worn)
 j - a +0 pair of gloves (worn)
Scrolls
 h - 2 scrolls of identify {unknown}
 i - a scroll of immolation {unknown}
 k - a scroll of amnesia {unknown}
Potions
 d - a potion of might
 e - a potion of mutation {unknown}
Comestibles
 f - 2 rations
 g - 6 chunks of flesh


   Skills:
 + Level 3.4 Fighting
 + Level 2.6 Axes
 + Level 3.2 Armour
 + Level 0.2 Dodging
 + Level 3.0 Shields


You had 3 spell levels left.
You didn't know any spells.
Your spell library was empty.

Dungeon Overview and Level Annotations

Branches:
Dungeon (1/15)

Altars:
Ru


Innate Abilities, Weirdness & Mutations

You have razor-sharp toenails.
Your movements are slightly less encumbered by armour. (ER -2)


Message History

You hit the gnoll. Your kick misses the gnoll.
The gnoll is almost dead.
You hit the gnoll.
You kill the gnoll!
You have reached level 4!
You feel agile.
Your demonic ancestry asserts itself...
You feel less encumbered by your armour.
The bat hits you but does no damage. The gnoll hits you but does no damage.
The gnoll hits you with a +0 spear.
* * * LOW HITPOINT WARNING * * *
Some of the chunks of flesh in your inventory have rotted away.
You closely miss the gnoll. You claw the gnoll, but do no damage.
The gnoll is almost dead.
You closely miss the bat. The bat closely misses you.
You block the bat's attack. The gnoll barely misses you.
You barely miss the gnoll.
The gnoll is almost dead.
You closely miss the bat. The bat closely misses you.
The gnoll barely misses you. The gnoll hits you with a +0 spear.
You die...

#....# #.### #.###### ##...#
#..... ..# #...# ####.# ### #...#
###.### ### ######.### #.....#
##.## .........#
#.....###.#.######
.###...#.#######........###.##...
#...#.#...........###.#.....##
.........#..b)@....# ##.######
##...##.#.....g)...## ### #....
..###.##.#..# ....# .# # #.#..#
##.### .# #.#..# #.#..# .....#
#.#### #.


You could see a gnoll and a bat.

Vanquished Creatures
  2 gnolls (D:2)
  An adder (D:2)
  A dart slug (D:1)
  2 ball pythons
  2 bats (D:1)
  6 giant cockroaches
  4 hobgoblins (D:1)
  3 kobolds
  2 frilled lizards
  8 goblins
  4 rats (D:1)
35 creatures vanquished.

Notes
Turn   | Place    | Note
-------+----------+-------------------------------------------
     0 | D:1      | galech the Demonspawn Fighter began the quest for the Orb.
     0 | D:1      | Reached XP level 1. HP: 18/18 MP: 1/1
    52 | D:1      | Gained mutation: You have sharp toenails. [demonic
                  | ancestry]
    52 | D:1      | Reached XP level 2. HP: 21/24 MP: 2/2
   457 | D:1      | Gained mutation: You have razor-sharp toenails. [demonic
                  | ancestry]
   457 | D:1      | Reached XP level 3. HP: 28/29 MP: 3/3
   674 | D:1      | You fall through a shaft!
   702 | D:2      | Found a sacrificial altar of Ru.
   889 | D:2      | Gained mutation: Your movements are slightly less
                  | encumbered by armour. (ER -2) [demonic ancestry]
   889 | D:2      | Reached XP level 4. HP: 4/35 MP: 4/4
   889 | D:2      | HP: 1/35 [gnoll/+0 spear (3)]
   891 | D:2      | Slain by a gnoll

Vault maps used:
D:1:      evilmike_arrival_grusome_pit, minmay_small_reverse_x
D:2:      nicolae_ru_awakened_eye

Skill      XL: |  1  2  3 |
---------------+----------+-----
Axes           | 2 |  2.6
Armour         | 3 |  3.2
Shields        | 3 |  3.0
Fighting       | |  3.4
Dodging        | |  0.2

Action                   |  1- 3 |  4- 6 || total
-------------------------+-------+-------++-------
Melee: War axe           |    72 |     2 ||    74
       Kick              |    10 |     1 ||    11
Armor: Scale mail        |    29 |     2 ||    31
Dodge: Dodged            |    20 |     4 ||    24
Block: Shield            |    38 |     1 ||    39

Table legend:
 A = Non-vault XP
 B = Vault XP
 C = Vault XP percentage of total XP
 D = Non-vault monster count
 E = Vault monster count
 F = Vault count percentage of total count
                 A         B        C        D         E       F
            +---------+---------+-------+---------+---------+-------
      Total |      90 |       7 |   7.2 |      31 |       4 |  11.4
            +---------+---------+-------+---------+---------+-------
        D:1 |      41 |       7 |  14.6 |      23 |       4 |  14.8
        D:2 |      49 |       0 |   0.0 |       8 |       0 |   0.0
            +---------+---------+-------+---------+---------+-------
